 Dungeon Crawl Stone Soup version 0.24.0-28-g17ded55e90 (webtiles) character file.

Game seed: 12785585509615927230, levelgen mode: deterministic

24 Nattfarinn the Caller (level 3, 0/19 HPs)
             Began as a Kobold Summoner on Nov 13, 2019.
             Killed from afar by Sigmund (13 damage)
             ... with a puff of flame
             ... on level 2 of the Dungeon.
             The game lasted 00:03:19 (1271 turns).

Nattfarinn the Caller (Kobold Summoner)             Turns: 1271, Time: 00:03:19

Health: 0/19       AC:  2    Str:  5    XL:     3   Next: 15%
Magic:  5/7        EV: 15    Int: 17    God:
Gold:   58         SH:  0    Dex: 15    Spells: 6/7 levels left

rFire    . . .     SeeInvis .   b - +0 club
rCold    . . .     Gourm    .   (shield restricted)
rNeg     . . .     Faith    .   a - +0 robe
rPois    .         Spirit   .   (no helmet)
rElec    .         Reflect  .   (no cloak)
rCorr    .         Harm     .   (no gloves)
MR       .....                  (no boots)
Stlth    ++........             (no amulet)
HPRegen  0.06/turn              (no ring)
MPRegen  0.10/turn              (no ring)

@: no status effects
A: small, carnivore
a: no special abilities


You were on level 2 of the Dungeon.
You were completely stuffed.

You visited 1 branch of the dungeon, and saw 2 of its levels.

You collected 58 gold pieces.

Inventory:

Hand Weapons
 b - a +0 club (weapon)
Missiles
 g - 12 poisoned darts (quivered)
Armour
 a - a +0 robe (worn)
Jewellery
 f - an uncursed ring of positive energy {unknown}
Scrolls
 d - 3 scrolls of identify {unknown}
 i - a scroll of enchant armour {unknown}
 k - a scroll of teleportation {unknown}
Potions
 e - a potion of mutation {unknown}
 j - a potion of curing {unknown}
Comestibles
 c - 3 rations
 h - 2 chunks of flesh


   Skills:
 - Level 2.4 Dodging
 - Level 2.6 Stealth
 + Level 2.6 Spellcasting
 * Level 4.6 Summonings


You had 6 spell levels left.
You knew the following spells:

 Your Spells              Type           Power        Failure   Level  Hunger
a - Summon Small Mammal   Summ           ###.         2%          1    #......

Your spell library contained the following spells:

 Spells                   Type           Power        Failure   Level  Hunger
 Call Imp                 Summ           ###.....     4%          2    ##.....
 Call Canine Familiar     Summ           ###.....     9%          3    ###....
 Summon Guardian Golem    Hex/Summ       ##......     22%         3    ###....
 Summon Ice Beast         Ice/Summ       ##......     56%         4    #####..
 Summon Lightning Spire   Summ/Air       ##......     56%         4    #####..


Dungeon Overview and Level Annotations

Branches:
Dungeon (2/15)

Altars:

Annotations:
D:2 Sigmund


Innate Abilities, Weirdness & Mutations

You are small and have problems with some larger weapons.
You are carnivorous and can eat meat at any time.


Message History

Gang up on whom?
Press: ? - help, Dir - move target cursor, f - Sigmund
Aim: Sigmund, wielding a +0 scythe, wearing a +0 robe and carrying a wand of flame (18) Attack!
Your bat hits Sigmund but does no damage.
Sigmund gestures at you while chanting.
Your bat resists with significant effort.
Your bat misses Sigmund. Your bat hits Sigmund.
Your quokka closely misses Sigmund.
You completely miss the kobold. Your bat misses Sigmund.
Your quokka bites Sigmund.
Sigmund gestures wildly while chanting.
Sigmund flickers and vanishes!
Deactivating autopickup; reactivate with Ctrl-A.
The kobold hits you with a +0 whip.
Your bat hits something but does no damage.
A puff of flame appears from out of thin air!
The puff of flame hits you!
Ouch! That really hurt!
You die...

#......... #.........
#......... #..b..K...
#.........
######.r.......
#......(# #.....K.#
#.....@.#
#......################
#......................
#......################
#.#.........#..........
#.#.##.####.#.#########
#.##.#..#.#.#.# #
#....#..#.#.#.# #
#....รท..#.#.#.# #


You could see a kobold, a friendly quokka and a friendly bat.

Vanquished Creatures
  A giant cockroach (D:1)
  A goblin (D:1)
  2 hobgoblins
  A kobold (D:1)
  2 bats (D:1)
  A frilled lizard (D:2)
  3 rats (D:1)
11 creatures vanquished.

Vanquished Creatures (collateral kills)
  An adder (D:2)
  2 oozes (D:1)
  2 kobolds (D:1)
  A frilled lizard (D:1)
  A goblin (D:1)
7 creatures vanquished.

Grand Total: 18 creatures vanquished

Notes
Turn   | Place    | Note
-------+----------+-------------------------------------------
     0 | D:1      | Nattfarinn the Kobold Summoner began the quest for the Orb.
     0 | D:1      | Reached XP level 1. HP: 10/10 MP: 3/3
   264 | D:1      | Reached XP level 2. HP: 11/15 MP: 3/5
  1216 | D:2      | Reached XP level 3. HP: 15/19 MP: 2/7
  1264 | D:2      | Noticed Sigmund
  1271 | D:2      | Killed from afar by Sigmund

Levels and vault maps discovered:
D:1:      erik_arrival_gehennom, layout_basic
D:2:      layout_basic, uniq_crazy_yiuf_cottage, uniq_terence, uniq_sigmund

Action                   || total
-------------------------++-------
Melee: Unarmed           ||     3
       Club              ||    43
Throw: Dart              ||     7
 Cast: Summon Small Mamm ||    15
 Stab: Sleeping          ||     3
  Eat: Chunk             ||    10
Armor: Robe              ||     8
Dodge: Dodged            ||    43
